Map: Abyssal Reef LE

Players

INnoVation

  • Race: Terran Terran
  • Spawn Location: 11:00

TYTY (TY) - Winner!

  • Race: Terran Terran
  • Spawn Location: 5:00

Event: 2017 WCS Global Finals

VOD

Have the link to the VOD?

Description

Time

  • Played on: Nov. 3, 2017, 8:37 p.m.
  • Length: 11:47

All games in this series

Show
View Real Time Build Order
Export as new Build Order

INnoVation Terran 

Build Orders: Gas First Reaper Expand, Reaper Expand, Bio Tank 

Get SALT Encoding   

  12  0:00  SCV  
  13  0:12  SCV  
  14  0:17  Supply Depot  
  14  0:24  SCV  
  15  0:28  Refinery  
  15  0:38  SCV  
  16  0:44  Barracks  
  16  0:50  SCV  
  17  1:02  SCV  
  18  1:15  SCV  
  19  1:30  Orbital Command  
  19  1:31  Reaper  
  20  1:43  Command Center  
  20  1:54  Factory  
  20  1:56  SCV  
  21  2:06  Barracks Reactor  
  21  2:08  SCV  
  21  2:09  Refinery  
  21  2:14  Supply Depot  
  22  2:20  SCV  
  23  2:35  SCV  
  24  2:37  Hellion  
  24  2:38  Starport  
  24  2:42  Marine x2  
  28  2:47  SCV  
  29  2:54  Orbital Command  
  29  3:01  Cyclone  
  29  3:04  SCV  
  33  3:09  Marine  
  33  3:10  Marine  
  35  3:17  Viking  
  37  3:20  SCV  
  37  3:22  SCV  
  39  3:30  Supply Depot  
  39  3:33  SCV  
  41  3:34  SCV  
  41  3:35  Factory Tech Lab  
  41  3:36  Marine  
  41  3:37  Marine  
  43  3:46  SCV x2  
  44  3:55  Siege Tank  
  47  3:57  Supply Depot  
  47  4:00  SCV x2  
  47  4:01  Barracks Tech Lab  
  49  4:04  Barracks  
  49  4:12  SCV x2  
  51  4:17  Starport Reactor  
  51  4:18  Barracks  
  51  4:22  Stimpack, Marine  
  52  4:24  SCV x2  
  52  4:27  Engineering Bay  
  54  4:36  SCV x2  
  59  4:40  Refinery  
  59  4:42  Supply Depot  
  56  4:48  SCV, Marine  
  56  4:49  SCV  
  56  4:52  Marine x2  
  60  4:53  Supply Depot  
  60  4:58  Terran Infantry Weapons Level 1  
  61  5:02  Starport Reactor  
  61  5:04  SCV x2  
  63  5:07  Supply Depot  
  63  5:11  Siege Tank  
  66  5:14  Marine  
  66  5:15  Marine  
  66  5:17  Marine  
  66  5:19  Marine x2  
  71  5:22  SCV x2  
  71  5:27  Supply Depot  
  73  5:34  SCV  
  73  5:35  SCV  
  75  5:37  Medivac  
  75  5:38  Medivac  
  75  5:39  Refinery  
  75  5:40  Marine x4  
  75  5:41  Marine  
  82  5:48  Supply Depot  
  82  5:49  Siege Tank  
  85  5:56  SCV x2  
  87  5:58  Missile Turret  
  87  5:59  Marine x2  
  87  6:00  Marine x3  
  91  6:11  Medivac x2  
  95  6:14  Supply Depot  
  95  6:20  Command Center  
  95  6:22  Marine x2  
  95  6:23  Marine  
  98  6:26  Combat Shields  
  98  6:29  Marine  
  98  6:30  Marine  
  100  6:37  Supply Depot  
  100  6:38  Siege Tank  
  103  6:50  Barracks  
  103  6:52  Barracks  
  103  6:59  Marine x3  
  103  7:00  Marine x2  
  108  7:02  SCV x2  
  108  7:04  Supply Depot  
  108  7:08  Medivac x2  
  110  7:10  Siege Tank  
  110  7:13  Terran Infantry Armor Level 1  
  110  7:14  Supply Depot  
  107  7:16  SCV x2  
  107  7:22  Marine x4  
  111  7:23  Marine  
  101  7:31  SCV x2  
  101  7:36  Orbital Command  
  90  7:40  Barracks Reactor x2, Marine x5  
  90  7:42  Siege Tank  
  90  7:43  SCV x2  
  97  7:46  Medivac x2  
  101  7:55  SCV x2  
  101  7:56  Refinery  
  103  7:58  Refinery  
  103  7:59  Marine x5  
  108  8:07  SCV x2  
  108  8:08  SCV  
  108  8:11  Sensor Tower  
  111  8:15  Siege Tank  
  111  8:17  Marine x5  
  119  8:31  Marine x4  
  119  8:33  Medivac  
  119  8:34  Medivac, Marine x2  
  107  8:35  SCV x2, Marine x3  
  109  8:49  Siege Tank, Marine x4  
  109  8:53  Marine x5  
  116  9:01  SCV x2, Armory  
  116  9:02  Engineering Bay  
  113  9:07  Marine x4  
  113  9:11  Marine x2  
  111  9:17  Marine x3  
  111  9:22  Siege Tank  
  116  9:24  Marine  
  116  9:25  Marine  
  115  9:45  Supply Depot x3  
  114  10:06  Siege Tank, Viking x2, Marine x5  
  126  10:27  Marine  
  126  10:29  Marine  
  126  10:39  Orbital Command, Marine x2  
  126  10:40  Marine  
  126  10:41  Medivac  
  126  10:43  Marine  
  126  10:45  Marine x2  
  126  10:48  Siege Tank, Marine x3  
  117  10:57  Marine x2  
  116  10:58  Marine  
  116  11:01  Marine  
  116  11:03  Marine x2  
  95  11:05  Marine x2  
  95  11:06  Marine  
  98  11:14  Marine x2  
  98  11:16  Marine  
  103  11:19  Marine  
  103  11:21  Marine  
  103  11:22  Marine  
  103  11:23  Marine  
  108  11:26  Marine x2  
Show
View Real Time Build Order
Export as new Build Order

TYTY Terran - Winner!

Build Orders: Gas First Reaper Expand, Reaper Expand, Bio Tank 

Get SALT Encoding   

  12  0:00  SCV  
  13  0:12  SCV  
  14  0:18  Supply Depot  
  14  0:24  SCV  
  14  0:27  Refinery  
  15  0:40  SCV  
  16  0:45  Barracks  
  16  0:52  SCV  
  18  1:04  SCV  
  18  1:16  SCV  
  19  1:31  Reaper, Orbital Command  
  20  1:43  Command Center  
  20  1:54  Factory  
  20  1:57  SCV  
  21  2:06  Barracks Reactor  
  21  2:07  Supply Depot  
  21  2:11  SCV  
  21  2:15  Refinery  
  22  2:24  SCV  
  23  2:36  SCV  
  24  2:37  Hellion  
  24  2:42  Starport, Marine x2  
  28  2:48  SCV  
  29  2:56  Orbital Command  
  29  3:00  SCV  
  29  3:01  Widow Mine  
  29  3:03  Marine  
  33  3:06  Marine  
  33  3:12  SCV  
  35  3:18  Medivac  
  37  3:22  SCV  
  37  3:23  Marine  
  37  3:24  SCV  
  37  3:26  Marine  
  41  3:30  Supply Depot  
  41  3:32  Factory Tech Lab  
  41  3:34  SCV  
  42  3:36  SCV  
  42  3:41  Marine  
  43  3:44  Marine  
  43  3:46  SCV  
  46  3:50  Starport Tech Lab  
  46  3:52  SCV  
  46  3:53  Supply Depot  
  46  3:54  Siege Tank  
  50  3:58  SCV  
  50  4:02  Marine x2  
  53  4:04  SCV  
  54  4:15  SCV  
  55  4:19  SCV  
  55  4:22  Command Center  
  56  4:27  SCV, Siege Tank  
  60  4:31  SCV  
  60  4:35  Marine  
  58  4:39  Stimpack, SCV  
  58  4:45  SCV  
  59  4:46  Barracks x2  
  59  4:51  SCV  
  60  4:54  Starport Reactor  
  60  4:57  SCV  
  60  4:59  Engineering Bay  
  61  5:00  Engineering Bay  
  61  5:03  SCV  
  62  5:12  Supply Depot  
  62  5:13  Supply Depot  
  62  5:15  SCV x2  
  62  5:16  Refinery  
  62  5:17  Marine  
  62  5:20  Refinery  
  68  5:21  Siege Tank  
  68  5:26  Terran Infantry Weapons Level 1  
  68  5:27  SCV x2, Terran Infantry Armor Level 1  
  70  5:38  Orbital Command  
  70  5:39  SCV  
  70  5:41  Marine x3  
  70  5:42  Starport Reactor, Marine x2  
  76  5:46  SCV  
  77  5:51  SCV  
  77  5:53  Bunker  
  77  5:59  Siege Tank, Marine x3  
  77  6:00  Marine  
  77  6:02  SCV  
  77  6:03  SCV  
  85  6:06  SCV  
  87  6:15  SCV x2  
  87  6:17  Marine x2  
  87  6:18  Marine  
  94  6:20  Viking  
  94  6:22  Viking  
  94  6:25  Supply Depot, SCV  
  96  6:27  SCV  
  96  6:28  Supply Depot  
  96  6:32  SCV  
  98  6:36  Supply Depot  
  98  6:37  SCV  
  98  6:38  Barracks  
  98  6:39  SCV  
  99  6:41  Barracks  
  99  6:44  Sensor Tower  
  99  6:46  SCV  
  100  6:48  Siege Tank  
  100  6:49  Marine x2  
  100  6:50  Marine x3  
  108  6:56  Medivac x2  
  111  7:07  SCV x2, Marine  
  114  7:14  SCV  
  109  7:17  Marine x2  
  109  7:18  Marine  
  109  7:19  SCV  
  109  7:20  SCV  
  83  7:30  SCV  
  83  7:31  SCV  
  83  7:32  SCV  
  83  7:33  Medivac  
  83  7:35  Marine x2  
  83  7:36  Armory  
  85  7:42  SCV, Marine x3  
  85  7:43  SCV  
  90  7:44  SCV  
  90  7:49  Siege Tank  
  92  7:53  Marine  
  92  7:54  SCV  
  92  7:55  SCV  
  92  7:56  SCV  
  96  7:59  Marine  
  96  8:00  Marine x3  
  96  8:01  Barracks Reactor  
  99  8:05  Refinery  
  99  8:06  SCV  
  99  8:07  SCV  
  99  8:08  SCV  
  102  8:18  SCV  
  102  8:19  SCV  
  103  8:21  SCV  
  103  8:23  Marine x3  
  106  8:27  Marine x2  
  106  8:30  SCV  
  106  8:34  SCV  
  102  8:35  SCV  
  102  8:39  Siege Tank  
  102  8:40  Marine  
  102  8:41  Marine x2  
  108  8:42  SCV  
  108  8:45  Supply Depot  
  108  8:46  Marine  
  109  8:49  SCV, Marine  
  109  8:52  Marine  
  109  8:55  Marine  
  108  8:58  Marine x2  
  109  9:04  SCV x2  
  109  9:06  Supply Depot  
  109  9:08  Terran Infantry Weapons Level 2  
  109  9:09  Marine  
  108  9:10  Marine x3  
  108  9:12  Supply Depot  
  108  9:13  Marine  
  108  9:14  SCV  
  108  9:16  SCV, Marine x2  
  116  9:18  Refinery  
  116  9:19  Combat Shields  
  114  9:32  Siege Tank  
  114  9:34  Marine x4  
  121  9:40  SCV x2  
  119  9:46  Marine  
  119  9:49  Marine x2  
  119  9:51  Supply Depot, Marine  
  123  9:55  SCV  
  123  10:04  Siege Tank  
  123  10:06  Supply Depot  
  126  10:08  Medivac  
  126  10:09  Marine  
  126  10:10  Marine x3  
  126  10:11  Supply Depot  
  131  10:14  Marine x3  
  133  10:27  Marine  
  133  10:28  Marine x3  
  135  10:32  Marine x3  
  140  10:37  Medivac  
  140  10:38  Medivac  
  140  10:40  Siege Tank  
  140  10:42  SCV x2  
  149  10:44  Marine  
  149  10:46  Marine x2  
  142  10:50  Marine  
  142  10:51  Marine x3  
  142  10:52  SCV  
  142  10:54  SCV  
  141  11:02  Marine  
  141  11:03  Marine  
  141  11:04  Marine  
  122  11:07  Medivac, Barracks Reactor  
  122  11:08  Marine x2  
  127  11:12  Siege Tank  
  127  11:14  Sensor Tower  
  130  11:19  Marine  
  130  11:20  Marine x2  
  130  11:23  SCV  
Tags
 
Add a new tag
Caveats
  • Supply blocks, unpowered buildings, or Contaminate may cause inaccurate times.
  • Supply counts are checked every 10 seconds.